AoeStats
← SPQR Fabrizio

Hideout

509166350Analyzed
1v1 RM · 22d ago on Sep 25, 2026· 45m 5s· 2 players
Game mode
Random Map
Map size
Tiny (2 player)
Population
200
Speed
Normal
Resources
Standard
Victory
Conquest
Starting age
Dark Age
Ending age
Imperial Age
RankedLock teamsTeams togetherTeam positionsShared explorationLock speedFull tech treeHidden civsTurbo modeCheats
Victory
Defeat
🇦🇷 Franks · Argentina
1061
+15
vs
🇮🇹 Britons · Italy
1029
-15
SPQR Fabrizio
10:53 Feudal Age
17:23 Castle Age
15:59 Stone Mining
16:03 Gold Mining
16:08 Loom
16:29 Double-Bit Axe
16:45 Horse Collar
18:49 Bow Saw
20:27 Fletching
21:17 Wheelbarrow
24:01 Hand Cart
25:14 Town Watch
27:57 Bodkin Arrow
30:15 Padded Archer Armor
30:37 Ballistics
32:02 Town Patrol
32:31 Heavy Plow
33:11 Yeomen
34:09 Heated Shot
38:47 Imperial Age
36:30 Murder Holes
37:10 Squires
36:56 Gambesons
38:20 Gold Shaft Mining
38:07 Fortified Wall
38:21 Leather Archer Armor
38:12 Pikeman
38:38 Arson
39:08 Forging
39:29 Masonry
40:06 Bracer
40:36 Ring Archer Armor
40:29 Elite Longbowman
41:44 Halberdier
43:52 Iron Casting
federico.parolin
6:45 Loom
9:36 Feudal Age
10:45 Double-Bit Axe
17:57 Castle Age
16:28 Gold Mining
16:33 Stone Mining
17:38 Scale Barding Armor
19:35 Forging
19:47 Chain Barding Armor
21:20 Iron Casting
26:17 Bow Saw
28:55 Wheelbarrow
30:59 Imperial Age
29:06 Wheelbarrow
29:13 Town Watch
30:41 Hand Cart
31:16 Gold Shaft Mining
30:38 Ordonnance Companies
31:42 Ballistics
33:27 Chemistry
32:55 Husbandry
34:16 Conscription
33:21 Cavalier
34:39 Plate Barding Armor
35:05 Blast Furnace
37:13 Masonry
36:30 Elite Throwing Axeman
38:05 Siege Engineers
40:26 Paladin
42:27 Fletching
42:40 Scale Mail Armor
43:15 Architecture
Connection lost

Rejoining the realm…

Still unreachable

The connection could not be restored.

Session expired

The server has moved on; the page needs a fresh start.